 Dungeon Crawl Stone Soup version 0.30-a0-847-g17996783a1 (webtiles) character file.

Game seed: 15783678947542281679

266 bande the Covered (level 6, 0/38 HPs)
             Began as a Gargoyle Fighter on Mar 4, 2023.
             Constricted to death by Sigmund (5 damage)
             ... on level 4 of the Dungeon.
             The game lasted 00:05:37 (3494 turns).

bande the Covered (Gargoyle Fighter)                Turns: 3494, Time: 00:05:38

Health: 0/38       AC: 12    Str: 20    XL:     6   Next: 20%
Magic:  0/6        EV:  6    Int:  8    God:
Gold:   189        SH:  4    Dex: 11    Spells: 3/5 levels left

rFire   . . .      SeeInvis .    a - +0 war axe
rCold   . . .      Faith    .    c - +0 buckler
rNeg    + . .      Spirit   +    b - +0 scale mail
rPois   ∞          Reflect  .    w - +0 helmet
rElec   +          Rampage  .    (no cloak)
rCorr   .                        (no gloves)
Will    +....                    (no boots) Stlth
                                 s - amulet "Wuutun" {Spirit Slay+4}
HPRegen 0.26/turn                m - ring of willpower
MPRegen 0.10/turn                (no ring)

@: mighty, grasped by roots, constricted
A: sickness immunity, AC +4, negative energy resistance 1, electricity
resistance, torment resistance 1, petrification resistance
a: no special abilities


You were on level 4 of the Dungeon.
You visited 1 branch of the dungeon, and saw 4 of its levels.

You collected 189 gold pieces.

Inventory:

Hand Weapons
 a - a +0 war axe (weapon)
 y - a +0 flail
Armour
 b - a +0 scale mail (worn)
 c - a +0 buckler (worn)
 w - a +0 helmet (worn)
Jewellery
 m - a ring of willpower (left hand)
 s - the amulet "Wuutun" (around neck) {Spirit Slay+4}
   (You found it on level 2 of the Dungeon)

   [amulet of guardian spirit]

   It causes incoming damage to be divided between your reserves of health and
   magic.
   Slay:      It affects your accuracy & damage with ranged weapons and melee
   (+4).
Scrolls
 e - 2 scrolls of blinking {unknown}
 f - 4 scrolls of teleportation {unknown}
 g - a scroll of enchant weapon {unknown}
 i - a scroll of fog {unknown}
 l - 2 scrolls of enchant armour {unknown}
 r - a scroll of fear {unknown}
 t - a scroll of immolation {unknown}
 v - a scroll of brand weapon {unknown}
Potions
 d - 3 potions of might
 h - a potion of haste {unknown}
 j - a potion of degeneration {unknown}
 k - 3 potions of mutation {unknown}
 n - 4 potions of attraction {unknown}
 o - 2 potions of curing {unknown}
 p - a potion of brilliance {unknown}
 q - 2 potions of ambrosia {unknown}
 u - 2 potions of cancellation {unknown}
 x - a potion of magic {unknown}


   Skills:
 + Level 4.0 Fighting
 + Level 4.0 Axes
 + Level 4.7 Armour
 + Level 3.9 Shields
 * Level 0.9 Translocations


You had 3 spell levels left.
You knew the following spells:

 Your Spells              Type           Power      Damage    Failure   Level
a - Blink                 Tloc           2%         N/A       85%         2

Your spell library contained the following spells:

 Spells                   Type           Power      Damage    Failure   Level
 Lesser Beckoning         Tloc           2%         N/A       85%         2
 Momentum Strike          Conj/Tloc      0%         3d8       89%         2
 Ensorcelled Hibernation  Hex/Ice        0%         N/A       93%         2
 Spider Form              Tmut/Pois      0%         N/A       99%         3
 Anguish                  Hex/Necr       0%         N/A       100%        4


Dungeon Overview and Level Annotations

Branches:
Dungeon (4/15)             Temple (0/1) D:4

Altars:
Trog

Shops:
D:2 (   D:3 ==([

Annotations:
D:4 Sigmund


Innate Abilities, Weirdness & Mutations

You are immune to sickness and miasma.
Your stone body is resilient. (AC +4)
You are immune to poison.
You resist negative energy. (rN+)
You are resistant to electric shocks. (rElec)
You are resistant to unholy torment.
You are immune to petrification.


Message History

You hear some strange, mumbled words.
A magic dart appears from out of thin air!
The magic dart hits you but does no damage.
You closely miss something. Something hits you.
You barely miss something. You block the gnoll's attack.
Something hits you but does no damage.
You closely miss something. The gnoll closely misses you.
You hear a zap.
The roots erupt in riotous growth!
The grasping roots grab you!
You are constricted.
You hear a bark!
You miss something. The gnoll hits you but does no damage. Something hits you.
You are constricted.
The gnoll hits you from afar with a +0 spear.
The roots grasp on you weakens, but your attempt to escape fails.
Something hits you but does no damage.
You are constricted.
The gnoll hits you but does no damage.
The grasping roots release their grip on you.
Found a staircase to the Ecumenical Temple.
The gnoll hits you but does no damage.
You completely miss the gnoll. You hit something. Something hits you!
The gnoll closely misses you.
You slash the gnoll!
The gnoll is almost dead.
You hit something. The gnoll hits you with a +0 spear. Something hits you!
* * * LOW HITPOINT WARNING * * *
You completely miss the gnoll.
The gnoll is almost dead.
You hit something. The gnoll hits you but does no damage.
You hear a zap.
The roots erupt in riotous growth!
The grasping roots grab you!
The gnoll is unaffected.
You are constricted.
* * * LOW HITPOINT WARNING * * *
The gnoll hits you but does no damage.
You hear a bark!
You feel very mighty all of a sudden. Something hits you but does no damage.
You are constricted.
You die...

... ....... .>.#....... .......
.....#.#.#.#...... ....... .
......#.#.#....... $...... ..
......#.#.....#..## .......
...##............##..###.g.##..
............##....##..#........
...............g...#.....###.@.
...............@..##....##
#...[.<(....{)....#...#
#...........###...###.#
#........).)...##...# .#
##.................## .
#.............#..## ..
#.....#..#....#.... ..
#......####........## ###...##
#..........


You could see a gnoll.

Vanquished Creatures
  Blork the orc (D:4)
  A jelly (D:3)
  An iguana (D:3)
  Jessica (D:2)
  Robin (D:3)
  2 gnolls (D:4)
  2 adders (D:3)
  A worm (D:2)
  3 endoplasms
  3 giant cockroaches
  12 goblins
  10 hobgoblins
  5 jackals (D:2)
  4 quokkas
  5 ball pythons
  3 bats (D:1)
  2 frilled lizards
  4 kobolds
  3 rats
64 creatures vanquished.

Vanquished Creatures (others)
  9 plants (D:2)
9 creatures vanquished.

Grand Total: 73 creatures vanquished

Notes
Turn   | Place    | Note
-------+----------+-------------------------------------------
     0 | D:1      | bande the Gargoyle Fighter began the quest for the Orb.
     0 | D:1      | Reached XP level 1. HP: 14/14 MP: 1/1
   191 | D:1      | Reached XP level 2. HP: 17/19 MP: 2/2
   710 | D:1      | Reached XP level 3. HP: 24/24 MP: 3/3
  1189 | D:2      | Noticed Jessica
  1195 | D:2      | Killed Jessica
  1196 | D:2      | Reached XP level 4. HP: 22/29 MP: 4/4
  1445 | D:2      | Identified the amulet "Wuutun" {Spirit Slay+4}
  1459 | D:2      | Found a faded altar of an unknown god.
  1459 | D:2      | Found Seff's Weapon Shop.
  1501 | D:2      | Found a bloodstained altar of Trog.
  1852 | D:3      | Found Vaejesaz's Weapon Shop.
  1884 | D:3      | Found Plog's Antique Armour Shoppe.
  1921 | D:3      | Noticed Robin
  1934 | D:3      | Killed Robin
  2034 | D:3      | Found Vitwolle's Jewellery Emporium.
  2250 | D:3      | Found Icziote's Jewellery Shop.
  2483 | D:4      | Noticed Blork the orc
  2492 | D:3      | Reached XP level 5. HP: 33/33 MP: 5/5
  2700 | D:4      | Killed Blork the orc
  2714 | D:4      | Learned a level 2 spell: Blink
  2727 | D:4      | Noticed Sigmund
  3147 | D:3      | Reached XP level 6. HP: 32/38 MP: 3/6
  3490 | D:4      | Found a staircase to the Ecumenical Temple.
  3494 | D:4      | Constricted to death by Sigmund

Illustrated notes

Levels and vault maps discovered:
D:1:      onia_arrival_mini_spirals, layout_loops_corners, minmay_domino_2
D:2:      layout_loops_cross, basic_altar, basic_ecumenical_altar, serial_shops,
          nicolae_shop_bloodbath_and_beyond, serial_bayou_pond_a, uniq_jessica
D:3:      layout_loops_cross, serial_shops, nicolae_diamond_shop,
          nicolae_square_shop, shop, nicolae_shop_trees, uniq_robin
D:4:      layout_cave_pools, chequers_temple_overflow_statue_of_worship,
          minmay_temple_entry_grid, minmay_misc_feat_more_columns,
          grunt_ministairs_14, uniq_pikel, uniq_sigmund, uniq_blork_the_orc

Skill      XL: |  1  2  3  4  5  6 |
---------------+-------------------+-----
Axes           | 2 3 4 |  4.0
Armour         | 4 |  4.7
Fighting       | 4 |  4.0
Shields        | |  3.9
Translocations | |  0.9

Action                     |  1- 3 |  4- 6 || total
---------------------------+-------+-------++-------
  Melee: War axe           |    84 |    90 ||   174
    Use: Potion            |       |     1 ||     1
 Armour: Scale mail        |    50 |    72 ||   122
  Dodge: Dodged            |    46 |    47 ||    93
  Block: Buckler           |    16 |    29 ||    45

Table legend: (Time is in decaauts)
 A = Elapsed time spent in this place.
 B = Non-inter-level travel time spent in this place.
 C = Inter-level travel time spent in this place.
 D = Time resting spent in this place.
 E = Time spent auto-exploring this place.
 F = Levels seen in this place.
 G = Mean time per level.
                   A        B        C        D        E       F      G
               +--------+--------+--------+--------+--------+-----+--------+
         Total |   3571 |   3460 |    111 |   1057 |   1805 |   4 |  892.8 |
       Dungeon |   3571 |   3460 |    111 |   1057 |   1805 |   4 |  892.8 |
               +--------+--------+--------+--------+--------+-----+--------+

Top non-repeatable levels by time:
     D:3: 1592 daAuts
     D:1: 1039 daAuts
     D:2: 816 daAuts
     D:4: 122 daAuts
